AoeStats
← Zumoshi

Arabia

505466627Analyzed
1v1 RM · 24d ago on Sep 9, 2026· 34m 53s· 2 players
Game mode
Random Map
Map size
Tiny (2 player)
Population
200
Speed
Normal
Resources
Standard
Victory
Conquest
Starting age
Dark Age
Ending age
Imperial Age
RankedLock teamsTeams togetherTeam positionsShared explorationLock speedFull tech treeHidden civsTurbo modeCheats
Victory
Defeat
🇦🇷 Mongols · Argentina
1127
+16
🇮🇱 Bulgarians · Israel
1120
-16
Zumoshi
7:55 Loom
12:39 Feudal Age
19:03 Castle Age
18:46 Double-Bit Axe
18:47 Horse Collar
20:32 Bow Saw
24:05 Forging
24:48 Squires
25:18 Scale Barding Armor
27:19 Iron Casting
27:55 Bloodlines
28:27 Fletching
29:29 Husbandry
29:55 Pikeman
30:36 Squires
30:29 Elite Skirmisher
31:11 Scale Mail Armor
31:47 Iron Casting
33:20 Squires
33:30 Padded Archer Armor
33:47 Chain Mail Armor
33:33 Gold Mining
34:26 Wheelbarrow
PalermoFanBoy
9:32 Feudal Age
10:37 Double-Bit Axe
12:17 Loom
17:27 Wheelbarrow
18:15 Horse Collar
19:17 Stone Mining
19:21 Gold Mining
22:23 Castle Age
20:23 Fletching
22:43 Bloodlines
23:47 Hand Cart
25:14 Ballistics
25:42 Bodkin Arrow
25:49 Padded Archer Armor
26:24 Town Watch
27:13 Padded Archer Armor
28:47 Bow Saw
28:48 Husbandry
29:41 Scale Barding Armor
34:37 Imperial Age
32:42 Forging
34:08 Gold Shaft Mining
34:43 Heavy Plow
35:44 Conscription
Connection lost

Rejoining the realm…

Still unreachable

The connection could not be restored.

Session expired

The server has moved on; the page needs a fresh start.